APP
PRINCETON RAYS @ TEXAS (APP) RANGERS
06/18/2045
 
TOP OF THE 1ST
Princeton Rays batting - Pitching for Texas (APP) Rangers : RHP Manny Campos
Pitching: RHP Manny Campos
Batting: RHB James Huddleston 0-0: Ball
1-0: SINGLE (Groundball, 4MD, EV 85.0 MPH) (infield hit)
Batting: RHB Jose Arriola 0-0: Grounds into double play, 3-6-1 (Groundball, 34S, EV 79.4 MPH)
Batting: LHB Darryl Gonnella 0-0: Ground out 4-3 (Groundball, 34D, EV 105.0 MPH)
Top of the 1st over - 0 runs, 1 hit, 0 errors, 0 left on base; Princeton 0 - Texas (APP) 0
BOTTOM OF THE 1ST
Texas (APP) Rangers batting - Pitching for Princeton Rays : RHP Ruben Requena
Pitching: RHP Ruben Requena
Batting: LHB Walter Vegter 0-0: Ball
1-0: Fly out, F9 (Flyball, 9LM, EV 99.4 MPH)
Batting: RHB Luis Reyna 0-0: Ball
1-0: Ball
2-0: Swinging Strike
2-1: SINGLE (Groundball, 56D, EV 103.8 MPH)
Batting: LHB Tomoya Hashimoto 0-0: Ball
1-0: Called Strike
1-1: Ball
Luis Reyna steals 2nd, throwing error, E2
Luis Reyna to third
2-1: Called Strike
2-2: Fly out, F9 (Flyball, 9LS, EV 77.5 MPH)
Batting: RHB David Redman 0-0: Ground out 6-3 (Groundball, 56, EV 80.6 MPH)
Bottom of the 1st over - 0 runs, 1 hit, 1 error, 1 left on base; Princeton 0 - Texas (APP) 0
TOP OF THE 2ND
Princeton Rays batting - Pitching for Texas (APP) Rangers : RHP Manny Campos
Batting: RHB Wil Urban 0-0: Ball
1-0: Foul Ball, location: 2F
1-1: SOLO HOME RUN (Flyball, 78XD, EV 98.1 MPH), Distance : 409 ft
Batting: RHB Sesto Carpini 0-0: Called Strike
0-1: Foul Ball, location: 2F
0-2: Strikes out swinging
Batting: LHB Harris Vink 0-0: Fly out, F8 (Flyball, 89S, EV 96.2 MPH)
Batting: RHB Nelle Lommen 0-0: Fly out, F4 (Flyball, 34D, EV 96.9 MPH)
Top of the 2nd over - 1 run, 1 hit, 0 errors, 0 left on base; Princeton 1 - Texas (APP) 0
BOTTOM OF THE 2ND
Texas (APP) Rangers batting - Pitching for Princeton Rays : RHP Ruben Requena
Batting: RHB Salvatore Zamora 0-0: Foul Ball, location: 2F
0-1: Foul Ball, location: 2F
0-2: Ball
1-2: SINGLE (Groundball, 34D, EV 104.4 MPH)
Batting: SHB Tim Rogers 0-0: Fielders Choice at 2nd, 6-4 (Groundball, 56, EV 85.0 MPH)
Batting: RHB Rafael Tapia 0-0: Swinging Strike
0-1: Fielders Choice at 2nd, 5-4 (Groundball, 56S, EV 91.9 MPH)
Now at 2B: Joshua Jackson
Now at SS: Jim Erdody
Batting: SHB Albert Ortiz 0-0: Ball
1-0: Called Strike
1-1: Foul Ball, location: 2F
1-2: Strikes out swinging
Bottom of the 2nd over - 0 runs, 1 hit, 0 errors, 1 left on base; Princeton 1 - Texas (APP) 0
TOP OF THE 3RD
Princeton Rays batting - Pitching for Texas (APP) Rangers : RHP Manny Campos
Batting: SHB Joshua Jackson 0-0: Ground out U3 (Groundball, 34S, EV 78.1 MPH)
Batting: RHB Roberto Aispuro 0-0: Called Strike
0-1: Swinging Strike
0-2: Strikes out swinging
Batting: RHB Jim Erdody 0-0: Ball
1-0: Ball
2-0: Called Strike
2-1: Ball
3-1: Foul Ball, location: 2F
3-2: Foul Ball, location: 2F
3-2: DOUBLE (Line Drive, 9LM, EV 98.8 MPH)
Batting: RHB Jose Arriola 0-0: Called Strike
0-1: Foul Ball, location: 2F
0-2: SINGLE (Groundball, 6MD, EV 96.9 MPH)
Jim Erdody to third
Batting: LHB Darryl Gonnella 0-0: Fly out, F7 (Flyball, 7, EV 86.2 MPH)
Top of the 3rd over - 0 runs, 2 hits, 0 errors, 2 left on base; Princeton 1 - Texas (APP) 0
BOTTOM OF THE 3RD
Texas (APP) Rangers batting - Pitching for Princeton Rays : RHP Ruben Requena
Batting: RHB Luis Solorzano 0-0: SOLO HOME RUN (Flyball, 7D, EV 100.0 MPH), Distance : 379 ft
Batting: LHB Walter Vegter 0-0: Ball
1-0: SINGLE (Groundball, 5L, EV 100.6 MPH)
Batting: RHB Luis Reyna 0-0: Ball
1-0: Called Strike
1-1: Ball
2-1: Called Strike
2-2: Ball
3-2: Fly out, F4 (Popup, 4, EV 60.0 MPH)
Batting: LHB Tomoya Hashimoto 0-0: Ball
Walter Vegter steals 2nd base
1-0: Ground out 6-3 (Groundball, 6, EV 88.1 MPH)
Walter Vegter to third
Batting: RHB David Redman 0-0: Called Strike
0-1: Called Strike
0-2: Ball
1-2: Foul Ball, location: 2F
1-2: Ball
2-2: Foul Ball, location: 2F
2-2: SINGLE (Groundball, 4MD, EV 94.4 MPH)
Walter Vegter scores
Batting: RHB Salvatore Zamora 0-0: Called Strike
0-1: Swinging Strike
0-2: Ball
1-2: Ball
2-2: Foul Ball, location: 2F
2-2: Strikes out swinging
Bottom of the 3rd over - 2 runs, 3 hits, 0 errors, 1 left on base; Princeton 1 - Texas (APP) 2
TOP OF THE 4TH
Princeton Rays batting - Pitching for Texas (APP) Rangers : RHP Manny Campos
Batting: RHB Wil Urban 0-0: Foul Ball, location: 2F
0-1: Foul Ball, location: 2F
0-2: Ball
1-2: Foul Ball, location: 2F
1-2: Foul Ball, location: 2F
1-2: DOUBLE (Flyball, 78D, EV 97.5 MPH)
Batting: RHB Sesto Carpini 0-0: Called Strike
0-1: Called Strike
0-2: SINGLE (Line Drive, 7S, EV 93.8 MPH)
Wil Urban to third
Batting: LHB Harris Vink 0-0: Called Strike
0-1: Ball
1-1: Swinging Strike
1-2: SINGLE (Groundball, 25, EV 68.8 MPH) (infield hit)
Sesto Carpini to second
Batting: RHB Nelle Lommen 0-0: Called Strike
0-1: Fielders Choice at 2nd, 6-4 (Groundball, 6, EV 84.4 MPH)
Wil Urban scores
Sesto Carpini to third
Batting: SHB Joshua Jackson 0-0: Ball
1-0: Ball
2-0: Ball
3-0: Called Strike
3-1: Called Strike
3-2: Fly out, F8 (Flyball, 89M, EV 77.5 MPH)
Batting: RHB Roberto Aispuro 0-0: Foul Ball, location: 2F
0-1: Called Strike
Nelle Lommen steals 2nd base
0-2: Ball
1-2: Ball
2-2: Ball
3-2: Fly out, F9 (Line Drive, 9, EV 93.1 MPH)
Top of the 4th over - 1 run, 3 hits, 0 errors, 2 left on base; Princeton 2 - Texas (APP) 2
BOTTOM OF THE 4TH
Texas (APP) Rangers batting - Pitching for Princeton Rays : RHP Ruben Requena
Batting: SHB Tim Rogers 0-0: Ball
1-0: Foul Ball, location: 2F
1-1: Ground out 4-3 (Groundball, 4, EV 101.9 MPH)
Batting: RHB Rafael Tapia 0-0: Ground out U3 (Groundball, 3L, EV 91.9 MPH)
Batting: SHB Albert Ortiz 0-0: Fly out, F8 (Flyball, 8LXD, EV 102.5 MPH)
Bottom of the 4th over - 0 runs, 0 hits, 0 errors, 0 left on base; Princeton 2 - Texas (APP) 2
TOP OF THE 5TH
Princeton Rays batting - Pitching for Texas (APP) Rangers : RHP Manny Campos
Batting: RHB Jim Erdody 0-0: Ground out 4-3 (Groundball, 34, EV 103.8 MPH)
Batting: RHB Jose Arriola 0-0: DOUBLE (Line Drive, 3D, EV 95.0 MPH)
Batting: LHB Darryl Gonnella 0-0: DOUBLE (Line Drive, 7LM, EV 95.0 MPH)
Jose Arriola scores
Batting: RHB Wil Urban 0-0: Ball
1-0: Foul Ball, location: 2F
1-1: Called Strike
Darryl Gonnella steals 3rd base
1-2: Ball
2-2: Strikes out swinging
Batting: RHB Sesto Carpini 0-0: Ball
1-0: Called Strike
1-1: Fly out, F7 (Flyball, 78S, EV 83.8 MPH)
Top of the 5th over - 1 run, 2 hits, 0 errors, 1 left on base; Princeton 3 - Texas (APP) 2
BOTTOM OF THE 5TH
Texas (APP) Rangers batting - Pitching for Princeton Rays : RHP Ruben Requena
Batting: RHB Luis Solorzano 0-0: Foul Ball, location: 2F
0-1: Foul Ball, location: 2F
0-2: Strikes out looking
Batting: LHB Walter Vegter 0-0: Called Strike
0-1: Foul Ball, location: 2F
0-2: Ground out 4-3 (Groundball, 34D, EV 85.6 MPH)
Batting: RHB Luis Reyna 0-0: Called Strike
0-1: Ball
1-1: Ball
2-1: Fly out, F9 (Flyball, 9LM, EV 88.1 MPH)
Bottom of the 5th over - 0 runs, 0 hits, 0 errors, 0 left on base; Princeton 3 - Texas (APP) 2
TOP OF THE 6TH
Princeton Rays batting - Pitching for Texas (APP) Rangers : RHP Manny Campos
Batting: LHB Harris Vink 0-0: Ball
1-0: Ball
2-0: Ball
3-0: Foul Ball, location: 2F
3-1: Swinging Strike
3-2: Strikes out swinging
Batting: RHB Nelle Lommen 0-0: Foul Ball, location: 2F
0-1: Called Strike
0-2: Foul Ball, location: 2F
0-2: Ball
1-2: Ball
2-2: Ball
3-2: Foul Ball, location: 2F
3-2: Base on Balls
Batting: SHB Joshua Jackson 0-0: 2-RUN HOME RUN (Flyball, 9D, EV 103.8 MPH), Distance : 401 ft
Pitching: RHP Danny Alvarez
Batting: RHB Roberto Aispuro 0-0: Foul Ball, location: 2F
0-1: Fly out, F8 (Line Drive, 8RD, EV 91.2 MPH)
Batting: RHB Jim Erdody 0-0: Called Strike
0-1: Ground out U3 (Groundball, 3, EV 109.4 MPH)
Top of the 6th over - 2 runs, 1 hit, 0 errors, 0 left on base; Princeton 5 - Texas (APP) 2
BOTTOM OF THE 6TH
Texas (APP) Rangers batting - Pitching for Princeton Rays : RHP Ruben Requena
Batting: LHB Tomoya Hashimoto 0-0: Ball
1-0: Ball
2-0: Ball
3-0: Called Strike
3-1: SOLO HOME RUN (Flyball, 89XD, EV 110.0 MPH), Distance : 416 ft
Batting: RHB David Redman 0-0: Called Strike
0-1: Foul Ball, location: 2F
0-2: Ball
1-2: Strikes out looking
Batting: RHB Salvatore Zamora 0-0: Foul Ball, location: 2F
0-1: Foul Ball, location: 2F
0-2: Ball
1-2: Foul Ball, location: 2F
1-2: Strikes out swinging
Batting: SHB Tim Rogers 0-0: Ball
1-0: Ball
2-0: Ground out 5-3 (Groundball, 5, EV 105.0 MPH)
Bottom of the 6th over - 1 run, 1 hit, 0 errors, 0 left on base; Princeton 5 - Texas (APP) 3
TOP OF THE 7TH
Princeton Rays batting - Pitching for Texas (APP) Rangers : RHP Danny Alvarez
Batting: RHB Jose Arriola 0-0: Hit by Pitch
Batting: LHB Darryl Gonnella 0-0: Ball
Jose Arriola steals 2nd base
1-0: TRIPLE (Groundball, 3L, EV 98.8 MPH)
Jose Arriola scores
Batting: RHB Wil Urban 0-0: Called Strike
0-1: Ball
1-1: Called Strike
1-2: Foul Ball, location: 2F
1-2: Strikes out swinging
Batting: RHB Sesto Carpini 0-0: Foul Ball, location: 2F
0-1: Ground out 5-3 (Groundball, 56S, EV 77.5 MPH)
Batting: LHB Harris Vink 0-0: Swinging Strike
0-1: DOUBLE (Flyball, 8LXD, EV 100.0 MPH)
Darryl Gonnella scores
Batting: RHB Nelle Lommen 0-0: Called Strike
0-1: Ball
Passed Ball!
Harris Vink to third
1-1: Swinging Strike
1-2: Ball
2-2: Foul Ball, location: 2F
2-2: Foul Ball, location: 2F
2-2: Strikes out swinging
Top of the 7th over - 2 runs, 2 hits, 0 errors, 1 left on base; Princeton 7 - Texas (APP) 3
BOTTOM OF THE 7TH
Texas (APP) Rangers batting - Pitching for Princeton Rays : RHP Ruben Requena
Batting: RHB Rafael Tapia 0-0: Ground out 6-3 (Groundball, 6, EV 84.4 MPH)
Batting: SHB Albert Ortiz 0-0: Called Strike
0-1: Ball
1-1: Ball
2-1: Ball
3-1: Foul Ball, location: 2F
3-2: Foul Ball, location: 2F
3-2: Strikes out swinging
Batting: RHB Luis Solorzano 0-0: Called Strike
0-1: Ball
1-1: Ball
2-1: Foul Ball, location: 2F
2-2: Strikes out looking
Bottom of the 7th over - 0 runs, 0 hits, 0 errors, 0 left on base; Princeton 7 - Texas (APP) 3
TOP OF THE 8TH
Princeton Rays batting - Pitching for Texas (APP) Rangers : RHP Danny Alvarez
Pitching: LHP Kevin Anderson
Batting: SHB Joshua Jackson 0-0: Ball
1-0: Foul Ball, location: 2F
1-1: Ball
2-1: Foul Ball, location: 2F
2-2: DOUBLE (Flyball, 7LD, EV 98.8 MPH)
Batting: RHB Roberto Aispuro 0-0: Bunt - Flyout to 2L - DP at third! 2-6
Batting: RHB Jim Erdody 0-0: Ball
1-0: Fly out, F7 (Line Drive, 7, EV 91.2 MPH)
Top of the 8th over - 0 runs, 1 hit, 0 errors, 0 left on base; Princeton 7 - Texas (APP) 3
BOTTOM OF THE 8TH
Texas (APP) Rangers batting - Pitching for Princeton Rays : RHP Ruben Requena
Batting: LHB Walter Vegter 0-0: Ball
1-0: Foul Ball, location: 2F
1-1: Ball
2-1: Fly out, F5 (Line Drive, 56, EV 86.9 MPH)
Batting: RHB Luis Reyna 0-0: Called Strike
0-1: Ball
1-1: Ground out 5-3 (Groundball, 56S, EV 91.2 MPH)
Batting: LHB Tomoya Hashimoto 0-0: Ball
1-0: Ball
2-0: Swinging Strike
2-1: Ball
3-1: Base on Balls
Pitching: RHP Joey Morrison
Batting: RHB David Redman 0-0: Foul Ball, location: 2F
0-1: Swinging Strike
0-2: Ball
1-2: Strikes out swinging
Bottom of the 8th over - 0 runs, 0 hits, 0 errors, 1 left on base; Princeton 7 - Texas (APP) 3
TOP OF THE 9TH
Princeton Rays batting - Pitching for Texas (APP) Rangers : LHP Kevin Anderson
Batting: RHB Jose Arriola 0-0: SOLO HOME RUN (Flyball, 7D, EV 96.9 MPH), Distance : 384 ft
Batting: LHB Darryl Gonnella 0-0: Ball
1-0: DOUBLE (Groundball, 3L, EV 99.4 MPH)
Batting: RHB Wil Urban 0-0: Called Strike
0-1: Ball
1-1: Ball
2-1: Foul Ball, location: 2F
2-2: Strikes out swinging
Batting: RHB Sesto Carpini 0-0: Ball
1-0: Called Strike
Darryl Gonnella steals 3rd base
1-1: Swinging Strike
1-2: Ball
2-2: Ball
3-2: SINGLE (Groundball, 56D, EV 97.5 MPH)
Darryl Gonnella scores
Batting: LHB Harris Vink 0-0: Called Strike
0-1: Ball
1-1: Ball
2-1: Ball
Sesto Carpini is caught stealing 2nd base 2-6
3-1: DOUBLE (Line Drive, 7LM, EV 100.6 MPH)
Batting: RHB Nelle Lommen 0-0: Ball
Harris Vink steals 3rd base
1-0: Foul Ball, location: 2F
1-1: Foul Ball, location: 2F
1-2: Fly out, F3 (Popup, 3SF, EV 63.8 MPH)
Top of the 9th over - 2 runs, 4 hits, 0 errors, 1 left on base; Princeton 9 - Texas (APP) 3
BOTTOM OF THE 9TH
Texas (APP) Rangers batting - Pitching for Princeton Rays : RHP Joey Morrison
Batting: RHB Salvatore Zamora 0-0: Ball
1-0: Swinging Strike
1-1: SINGLE (Line Drive, 89S, EV 96.9 MPH)
Batting: SHB Tim Rogers 0-0: Called Strike
0-1: Foul Ball, location: 2F
0-2: Strikes out swinging
Batting: RHB Rafael Tapia 0-0: Ball
1-0: Foul Ball, location: 2F
1-1: Ball
2-1: Ball
3-1: SINGLE (Line Drive, 6MD, EV 98.1 MPH)
Salvatore Zamora to second
Batting: SHB Albert Ortiz 0-0: DOUBLE (Flyball, 8LXD, EV 99.4 MPH)
Salvatore Zamora scores
Rafael Tapia to third
Batting: RHB Luis Solorzano 0-0: Called Strike
0-1: Ball
1-1: Called Strike
1-2: Foul Ball, location: 2F
1-2: Foul Ball, location: 2F
1-2: Strikes out swinging
Batting: LHB Walter Vegter 0-0: Ball
1-0: Ball
2-0: Ball
3-0: Called Strike
3-1: Base on Balls
Batting: RHB Luis Reyna 0-0: Swinging Strike
0-1: Swinging Strike
0-2: Ball
1-2: Fielders Choice at 2nd, 6-4 (Groundball, 6, EV 91.9 MPH)
Bottom of the 9th over - 1 run, 3 hits, 0 errors, 3 left on base; Princeton 9 - Texas (APP) 4
Wednesday, June 22nd , 2022 - OOTP Baseball 23.4 Build 64